 Dungeon Crawl Stone Soup version 0.25-a0-843-g6944ee31a2 (webtiles) character file.

Game seed: 8695472979920352512, levelgen mode: deterministic

172 MisterFreud the Ducker (level 5, -1/25 HPs)
             Began as a Felid Skald on Apr 25, 2020.
             Slain by a centaur zombie (8 damage)
             ... in an ossuary.
             The game lasted 00:08:41 (3477 turns).

MisterFreud the Ducker (Felid Skald)                Turns: 3477, Time: 00:08:41

Health: -1/25      AC:  1    Str: 10    XL:     5   Next: 27%
Magic:  0/9        EV: 20    Int: 18    God:
Gold:   95         SH:  0    Dex: 16    Spells: 2/8 levels left
                                        Lives:  0   Deaths: 1

rFire    . . .     SeeInvis +     - Unarmed
rCold    . . .     Gourm    .   (shield unavailable)
rNeg     . . .     Faith    .   (armour unavailable)
rPois    .         Spirit   .   (helmet unavailable)
rElec    .         Reflect  .   (cloak unavailable)
rCorr    .         Harm     .   (gloves unavailable)
MR       .....                  (boots unavailable)
Stlth    +++.......             (no amulet)
HPRegen  0.08/turn              r - +3 ring of intelligence
MPRegen  0.11/turn              n - +3 ring of strength

@: marked, infused (expiring), quick
A: very small, no armour, no weapons or thrown items, stealth, claws 1, fangs 3,
see invisible, carnivore, speed 1, shaggy fur 1, slow metabolism 1, sharp paws
a: no special abilities


You were in an ossuary.
You were not hungry.

You visited 1 branch of the dungeon, and saw 6 of its levels.
You also visited: Ossuary.

You collected 95 gold pieces.

Inventory:

Jewellery
 h - an uncursed ring of flight
 n - a +3 ring of strength (right paw)
 r - a +3 ring of intelligence (left paw)
Scrolls
 c - a scroll of noise {unknown}
 d - a scroll of immolation
 f - a scroll of fog {unknown}
 g - 2 scrolls of teleportation
 m - 4 scrolls of identify
 o - 2 scrolls of remove curse {unknown}
 q - 2 scrolls of amnesia {unknown}
 v - a scroll of blinking {unknown}
Potions
 a - a potion of might
 e - a potion of brilliance {unknown}
 i - a potion of haste {unknown}
 j - 2 potions of degeneration {unknown}
 k - 4 potions of flight {unknown}
 l - 4 potions of curing {unknown}
 p - a potion of magic {unknown}
 t - a potion of cancellation {unknown}
 u - a potion of heal wounds {unknown}
 w - a potion of invisibility {unknown}
Comestibles
 b - 13 rations


   Skills:
 - Level 4.0 Fighting
 + Level 4.9 Dodging
 + Level 3.8 Stealth
 + Level 3.4 Unarmed Combat
 - Level 2.0 Spellcasting
 - Level 3.6 Charms


You had 2 spell levels left.
You knew the following spells:

 Your Spells              Type           Power        Failure   Level  Hunger
a - Infusion              Chrm           ##..         4%          1    #......
b - Shroud of Golubria    Chrm/Tloc      #.....       13%         2    ###....
c - Ozocubu's Armour      Chrm/Ice       #.......     26%         3    ###....

Your spell library contained the following spells:

 Spells                   Type           Power        Failure   Level  Hunger
 Song of Slaying          Chrm           ##......     6%          2    ###....
 Magic Dart               Conj           #...         19%         1    #......
 Blink                    Tloc           N/A          26%         2    ###....
 Call Imp                 Summ           #.......     26%         2    ###....
 Slow                     Hex            #.......     26%         2    ###....
 Conjure Flame            Conj/Fire      #.......     47%         3    ###....
 Mephitic Cloud           Conj/Pois/Air  #.......     47%         3    ###....
 Spectral Weapon          Hex/Chrm       Unusable     N/A         3    N/A

Dungeon Overview and Level Annotations

Branches:
Dungeon (6/15)            Ossuary (1/1)
 Temple: D:4-7

Altars:
Ashenzari
Fedhas
Gozag
Makhleb
Nemelex Xobeh
Sif Muna
Vehumet
Xom
The Shining One

Shops:
D:4 %


Innate Abilities, Weirdness & Mutations

You cannot wear armour.
You are incapable of wielding weapons or throwing items.
Your paws allow you to move quietly. (Stealth)
You have sharp claws.
You have razor-sharp teeth.
You have supernaturally acute eyesight. (SInv)
You are carnivorous and can eat meat at any time.
You cover ground quickly.
You are covered in fur. (AC +1)
You have a slow metabolism.
Your sharp claws are effective at attacking unaware monsters.


Message History

Your shroud falls apart!
You scratch the centaur zombie.
The centaur zombie is lightly damaged.
The adder zombie closely misses you.
A jackal zombie comes into view.
The centaur zombie hits you.
You scratch the centaur zombie. You bite the centaur zombie.
The centaur zombie is moderately damaged.
Your magical infusion is running out.
The adder zombie bites you. The centaur zombie barely misses you.
A mummy comes into view.
You barely miss the centaur zombie. You bite the centaur zombie.
The centaur zombie is heavily damaged.
The adder zombie bites you.
* * * LOW HITPOINT WARNING * * *
The centaur zombie completely misses you.
You scratch the centaur zombie!
The centaur zombie is severely damaged.
The centaur zombie hits you!
You die...

#...# #.......#...#
#...# #.......#...#
#...# ##...... #...#
#...# ..... #...#
#...# #^^# #...# #...#
#.^# #...# #...# #.M#
#...#
#...######Z.######...#
#.......@ZZZ.........#
#.......Z8Z.8........#
#....................#
#....................#
######################


You could see a mummy, an adder zombie, 2 jackal zombies, a hobgoblin zombie and
2 centaur zombies.

Vanquished Creatures
  A scorpion (D:6)
  A hound (D:4)
  A centaur skeleton (D:4)
  An iguana (D:4)
  A mummy (D:4)
  6 adders
  An ooze (D:1)
  An adder zombie (Ossuary)
  A worm (D:2)
  2 dart slugs (D:1)
  2 leopard geckos
  6 bats
  2 giant cockroaches (D:1)
  A goblin (D:1)
  3 hobgoblins
  7 jackals
  11 kobolds
  2 quokkas (D:2)
  8 frilled lizards
  6 hobgoblin zombies (Ossuary)
  5 kobold zombies (Ossuary)
  9 orc zombies (Ossuary)
  6 rats
84 creatures vanquished.

Notes
Turn   | Place    | Note
-------+----------+-------------------------------------------
     0 | D:1      | MisterFreud the Felid Skald began the quest for the Orb.
     0 | D:1      | Reached XP level 1. HP: 9/9 MP: 4/4
   231 | D:1      | Reached XP level 2. HP: 13/13 MP: 0/6
   235 | D:1      | Learned a level 2 spell: Shroud of Golubria
   908 | D:1      | Reached XP level 3. HP: 17/17 MP: 3/7
  1063 | D:1      | Found a sparkling altar of Nemelex Xobeh.
  1455 | D:2      | Learned a level 3 spell: Ozocubu's Armour
  2106 | D:2      | Reached skill level 1 in Stealth
  2106 | D:2      | Reached XP level 4. HP: 22/22 MP: 8/8
  2312 | D:3      | Found a shimmering blue altar of Sif Muna.
  2313 | D:3      | Found a burning altar of Makhleb.
  2335 | D:3      | Found a radiant altar of Vehumet.
  2336 | D:3      | Found a shimmering altar of Xom.
  2336 | D:3      | Found a blossoming altar of Fedhas.
  2337 | D:3      | Found an opulent altar of Gozag.
  2337 | D:3      | Found a shattered altar of Ashenzari.
  2338 | D:3      | Found a glowing golden altar of the Shining One.
  2744 | D:3      | You fall into a shaft and drop 3 floors!
  2766 | D:6      | Reached XP level 5. HP: 15/25 MP: 1/9
  2790 | D:5      | Entered Level 5 of the Dungeon
  2892 | D:5      | Noticed an ogre
  3168 | D:4      | Found Bootao's Food Shop.
  3216 | D:4      | Found a sand-covered staircase.
  3219 | D:4      | Slain by a mummy
  3220 | D:4      | Reached XP level 4. HP: -1/22 MP: 0/8
  3265 | D:4      | Reached XP level 5. HP: 21/25 MP: 3/9
  3282 | Ossuary  | Entered an ossuary
  3477 | Ossuary  | Slain by a centaur zombie

Levels and vault maps discovered:
D:1:      psy_arrival_conway, layout_basic, serial_glass, glass_columns_b,
          glass_columns_b, nemelex_altar_shiori
D:2:      layout_basic, first_ration
D:3:      layout_basic, grunt_temple_overflow_open, supply_closet_lemuel
D:4:      layout_cave_pools, old_standard_altar, nicolae_ossuary_entry_giza,
          serial_shops, shop
D:5:      layout_loops_cross, yredelemnul_altar_generic,
          minmay_temple_entry_drinking_statues, gammafunk_ghost_smash,
          led_sif_pool, uniq_eustachio, uniq_blork_the_orc
D:6:      layout_cave_pools
Ossuary:  ossuary_tomb_1

Skill      XL: |  1  2  3  4  5 |
---------------+----------------+-----
Fighting       | 3 4 |  4.0
Stealth        | 1 2 3 |  3.8
Dodging        | 4 |  4.9
Unarmed Combat | 3 |  3.4
Spellcasting   | |  2.0
Charms         | |  3.6

Action                   |  1- 3 |  4- 6 || total
-------------------------+-------+-------++-------
Melee: Unarmed           |    92 |   144 ||   236
       Bite              |     9 |    15 ||    24
       Punch             |     2 |     2 ||     4
 Cast: Infusion          |    16 |     9 ||    25
       Shroud of Golubri |     7 |    12 ||    19
  Use: Scroll            |       |     4 ||     4
 Stab: Sleeping          |     3 |    12 ||    15
  Eat: Chunk             |    10 |     3 ||    13
Armor: Skin              |     8 |     5 ||    13
Dodge: Dodged            |    82 |   122 ||   204

Table legend:
 A = Non-vault XP
 B = Vault XP
 C = Vault XP percentage of total XP
 D = Non-vault monster count
 E = Vault monster count
 F = Vault count percentage of total count
                 A         B        C        D         E       F
            +---------+---------+-------+---------+---------+-------
      Total |     359 |      44 |  10.9 |      62 |      22 |  26.2
            +---------+---------+-------+---------+---------+-------
        D:1 |      44 |       0 |   0.0 |      21 |       0 |   0.0
        D:2 |      58 |       0 |   0.0 |      20 |       0 |   0.0
        D:3 |      72 |       0 |   0.0 |      17 |       0 |   0.0
        D:4 |     118 |      18 |  13.2 |       3 |       1 |  25.0
        D:6 |      67 |       0 |   0.0 |       1 |       0 |   0.0
    Ossuary |       0 |      26 | 100.0 |       0 |      21 | 100.0
            +---------+---------+-------+---------+---------+-------
